 Dungeon Crawl Stone Soup version 0.27-a0-1188-g73eefd5def (webtiles) character file.

Game seed: 14340638639959078142

811 freelancePsychic the Skirmisher (level 7, -6/75 HPs)
             Began as an Ogre Warper on May 21, 2021.
             Mangled by a black bear (7 damage)
             ... on level 5 of the Dungeon.
             The game lasted 00:10:44 (6754 turns).

freelancePsychic the Skirmisher (Ogre Warper)       Turns: 6754, Time: 00:10:44

Health: -6/75      AC:  4    Str: 16    XL:     7   Next: 93%
Magic:  10/10      EV:  9    Int: 16    God:
Gold:   220        SH:  0    Dex:  8    Spells: 5/10 levels left

rFire    + . .     SeeInvis +   E - +0 whip (vamp)
rCold    + . .     Faith    .   (no shield)
rNeg     . . .     Spirit   .   q - +1 robe
rPois    +         Reflect  .   (helmet restricted)
rElec    +         Harm     .   (no cloak)
rCorr    +         Rampage  .   (gloves unavailable)
Will     .....                  (boots unavailable)
Stlth    +.........             (no amulet)
HPRegen  0.22/turn              s - +4 ring of slaying
MPRegen  0.12/turn              C - ring of see invisible

@: resistant
A: large, unfitting armour, tough skin 1
a: no special abilities


You were on level 5 of the Dungeon.
You visited 1 branch of the dungeon, and saw 5 of its levels.
You also visited: Sewer.

You collected 220 gold pieces.

Inventory:

Hand Weapons
 a - a +0 mace
 b - a +1 hunting sling of flaming
 E - a +0 vampiric whip (weapon)
Missiles
 e - 5 boomerangs of dispersal
 r - 176 stones (quivered)
 z - 2 boomerangs
Armour
 q - a +1 robe (worn)
Jewellery
 s - a +4 ring of slaying (left hand)
 t - a ring of willpower
 u - a ring of poison resistance
 v - a ring of willpower
 B - a ring of magical power
 C - a ring of see invisible (right hand)
Wands
 w - a wand of iceblast (4)
 y - a wand of charming (7)
 A - a wand of flame (16)
 D - a wand of digging (4)
Scrolls
 d - 2 scrolls of blinking
 j - 2 scrolls of enchant weapon
 l - 3 scrolls of noise
 n - a scroll of vulnerability
 x - 3 scrolls of immolation
Potions
 c - a potion of cancellation
 h - 2 potions of attraction
 i - 5 potions of flight
 k - a potion of brilliance {unknown}
 m - a potion of lignification
 p - a potion of might {unknown}


   Skills:
 + Level 6.1 Fighting
 * Level 5.8 Maces & Flails
 - Level 1.0 Throwing
 - Level 2.1 Dodging
 - Level 2.4 Spellcasting
 + Level 4.7 Translocations


You had 5 spell levels left.
You knew the following spells:

 Your Spells              Type           Power      Damage    Failure   Level
a - Blink                 Tloc           N/A        N/A       4%          2
b - Teleport Other        Tloc           17%        N/A       9%          3

Your spell library contained the following spells:

 Spells                   Type           Power      Damage    Failure   Level
 Gell's Gravitas          Tloc           8%         N/A       9%          3
 Lesser Beckoning         Tloc           8%         N/A       9%          3
 Beastly Appendage        Tmut           2%         N/A       21%         1
 Wereblood                Tmut           1%         N/A       30%         2
 Ignite Poison            Fire/Tmut/Pois 1%         N/A       52%         3
 Spider Form              Tmut/Pois      0%         N/A       52%         3
 Manifold Assault         Tloc           17%        N/A       61%         5
 Ice Form                 Ice/Tmut       1%         N/A       89%         4
 Fireball                 Conj/Fire      0%         3d3       99%         5
 Hydra Form               Tmut           0%         N/A       99%         5
 Starburst                Conj/Fire      0%         8x6d3     100%        6
 Ignition                 Fire           0%         3d3       100%        8


Dungeon Overview and Level Annotations

Branches:
Dungeon (5/15)             Temple (0/1) D:5           Sewer (visited)

Altars:

Shops:
D:1 (   D:4 !


Innate Abilities, Weirdness & Mutations

You are too large for most types of armour.
You have tough skin. (AC +1)


Message History

You barely miss the kobold.
The kobold is moderately wounded.
The kobold hits you with a +0 short sword.
As you read the scroll of teleportation {@r4}, it crumbles to dust.
You feel strangely unstable. The black bear bites you!
The black bear completely misses you. The black bear claws you.
* * * LOW HITPOINT WARNING * * *
The kobold hits you with a +0 short sword.
* * * LOW HITPOINT WARNING * * *
You completely miss the kobold.
The kobold is moderately wounded.
The black bear closely misses you. The black bear claws you.
* * * LOW HITPOINT WARNING * * *
The black bear claws you.
* * * LOW HITPOINT WARNING * * *
The kobold hits you but does no damage.
It was a potion of haste.
You feel yourself speed up.
The black bear bites you but does no damage.
The black bear claws you.
* * * LOW HITPOINT WARNING * * *
The black bear claws you but does no damage.
A frilled lizard comes into view.
The kobold hits you but does no damage.
You closely miss the kobold.
The kobold is moderately wounded.
The black bear bites you.
* * * LOW HITPOINT WARNING * * *
The black bear claws you.
* * * LOW HITPOINT WARNING * * *
The black bear claws you but does no damage.
It was a potion of cancellation.
You feel strangely stable.
Your magical effects are unravelling.
You feel magically purged.
You feel yourself slow down. The kobold barely misses you.
It was a potion of resistance.
You feel protected. The black bear bites you!
You die...

*,*,,**,,...*#..># #..### #.#
*,*,,,**,⌠.*#o.#.# #..# #.#
*,*,*,,*,,,#...#.###..# #)#
*,*,**,,,,....##.##...#########.#
*,*,***,,.##.#*#........)........
*,*,***,,#*#.* ####.............#
,,,,,,,,,...,** #.#.###########
*,,,,,,,,.....#####.#.#
********,....lKK@h....#
**##############


You could see a black bear, 2 kobolds and a frilled lizard.

Vanquished Creatures
  Eustachio (D:4)
  An ice beast (D:5)
  2 kobold brigands (D:5)
  A howler monkey (D:5)
  2 bullfrog zombies
  A hound (D:4)
  A jelly (D:4)
  A merfolk siren (Sewer)
  2 orc wizards
  A merfolk avatar (Sewer)
  3 adders
  3 river rats (Sewer)
  2 worms (D:2)
  2 dart slugs
  4 orcs
  12 ball pythons
  5 bats
  7 endoplasms
  10 giant cockroaches
  5 goblins
  9 hobgoblins
  6 jackals
  10 kobolds
  4 quokkas
  5 frilled lizards
  33 rats
133 creatures vanquished.

Vanquished Creatures (others)
  An endoplasm (D:3)
  16 plants (D:5)
17 creatures vanquished.

Grand Total: 150 creatures vanquished

Notes
Turn   | Place    | Note
-------+----------+-------------------------------------------
     0 | D:1      | freelancePsychic the Ogre Warper began the quest for the
                  | Orb.
     0 | D:1      | Reached XP level 1. HP: 22/22 MP: 3/3
   267 | D:1      | Reached skill level 3 in Fighting
   267 | D:1      | Reached XP level 2. HP: 25/31 MP: 5/5
  1129 | D:1      | Found Caihoumi's Weapon Emporium.
  1135 | D:1      | Reached XP level 3. HP: 29/37 MP: 6/6
  2402 | D:2      | Reached XP level 4. HP: 37/45 MP: 7/7
  3195 | D:3      | Learned a level 2 spell: Blink
  3566 | D:3      | Reached skill level 4 in Fighting
  3566 | D:3      | Reached XP level 5. HP: 47/54 MP: 8/8
  4742 | D:4      | Found Wisaxtam's Distillery.
  5012 | D:4      | Noticed Eustachio
  5057 | D:4      | Killed Eustachio
  5058 | D:4      | Reached skill level 5 in Fighting
  5058 | D:4      | Reached XP level 6. HP: 27/66 MP: 9/9
  5379 | D:4      | Learned a level 3 spell: Teleport Other
  5421 | D:5      | Entered Level 5 of the Dungeon
  5492 | D:5      | Found a glowing drain.
  5497 | Sewer    | Entered a sewer
  5741 | Sewer    | Reached XP level 7. HP: 44/72 MP: 10/10
  6009 | Sewer    | Reached skill level 5 in Maces & Flails
  6297 | D:5      | Found a staircase to the Ecumenical Temple.
  6690 | D:5      | Reached skill level 6 in Fighting
  6752 | D:5      | HP: 1/75 [black bear (3)]
  6754 | D:5      | Mangled by a black bear

Illustrated notes

Levels and vault maps discovered:
D:1:      matt_arrival_spirals, layout_loops_corners, serial_shops, shop
D:2:      layout_loops_corners
D:3:      layout_basic, lemuel_flame_loot_1
D:4:      layout_loops_ring, serial_shops, nicolae_shop_statue_plus,
          kennysheep_generic_room_13, uniq_eustachio
D:5:      layout_loops_ring, nicolae_qazlal_style_of_elements,
          general_overflow_altar, minmay_temple_entry_waves,
          portal_sewer_entry_e, lexackson_kobold_supper, uniq_ijyb

Skill      XL: |  1  2  3  4  5  6  7 |
---------------+----------------------+-----
Maces & Flails | 2 3 4 5 |  5.8
Fighting       | 3 4 5 6 |  6.1
Translocations | 3 4 |  4.7
Throwing       | |  1.0
Dodging        | |  2.1
Spellcasting   | |  2.4

Action                   |  1- 3 |  4- 6 |  7- 9 || total
-------------------------+-------+-------+-------++-------
Melee: Mace              |   136 |   178 |    56 ||   370
       Whip              |       |       |    47 ||    47
 Fire: Hunting sling     |       |    37 |     2 ||    39
 Cast: Blink             |       |     1 |       ||     1
Evoke: Wand              |       |       |     1 ||     1
  Use: Scroll            |       |    10 |     2 ||    12
       Potion            |       |       |     3 ||     3
 Stab: Sleeping          |       |     2 |       ||     2
Armor: Robe              |    53 |    64 |    43 ||   160
Dodge: Dodged            |    72 |    97 |    41 ||   210

Table legend: (Time is in decaauts)
 A = Elapsed time spent in this place.
 B = Non-inter-level travel time spent in this place.
 C = Inter-level travel time spent in this place.
 D = Time resting spent in this place.
 E = Time spent auto-exploring this place.
 F = Levels seen in this place.
 G = Mean time per level.
                   A        B        C        D        E       F      G
               +--------+--------+--------+--------+--------+-----+--------+
         Total |   6861 |   6709 |    152 |    408 |   5186 |   6 | 1143.5 |
       Dungeon |   6212 |   6060 |    152 |    279 |   4895 |   5 | 1242.4 |
         Sewer |    649 |    649 |      0 |    129 |    290 |   1 |  649.0 |
               +--------+--------+--------+--------+--------+-----+--------+

Top non-repeatable levels by time:
     D:2: 1610 daAuts
     D:1: 1545 daAuts
     D:4: 1228 daAuts
     D:3: 1104 daAuts
     D:5: 722 daAuts
   Sewer: 649 daAuts
